Map: Ephemeron LE

Players

Impact

  • Race: Zerg Zerg
  • League: Grandmaster
  • Spawn Location: 5:00

soO - Winner!

  • Race: Zerg Zerg
  • Spawn Location: 11:00

VOD

Have the link to the VOD?

Description

Time

  • Played on: Jan. 16, 2020, 7:33 a.m.
  • Length: 13:28
Show
View Real Time Build Order
Export as new Build Order

Impact Zerg 

Build Orders: Hatch First 

Get SALT Encoding   

  12  0:00  Drone  
  13  0:12  Overlord  
  13  0:18  Drone  
  14  0:31  Drone x2  
  16  0:49  Hatchery  
  15  0:52  Drone  
  15  0:55  Drone  
  17  0:59  Drone  
  18  1:09  Extractor  
  17  1:15  Spawning Pool  
  16  1:18  Drone  
  16  1:20  Drone  
  18  1:28  Drone  
  19  1:38  Drone  
  20  1:49  Drone  
  21  2:00  Drone  
  21  2:01  Queen x2, Overlord  
  26  2:09  Metabolic Boost  
  26  2:13  Drone x2  
  28  2:21  Drone  
  29  2:23  Drone  
  30  2:32  Zergling x2  
  30  2:33  Zergling x2  
  32  2:39  Hatchery  
  31  2:45  Drone  
  31  2:49  Baneling Nest  
  31  2:53  Queen  
  31  2:57  Overlord  
  33  3:04  Drone  
  34  3:09  Drone x2  
  36  3:16  Zergling x6  
  36  3:17  Zergling x2  
  36  3:19  Drone  
  40  3:27  Evolution Chamber  
  40  3:28  Drone  
  40  3:29  Drone  
  40  3:30  Overlord  
  40  3:32  Drone  
  42  3:34  Baneling  
  42  3:38  Baneling x2  
  42  3:48  Zergling x2  
  42  3:51  Zergling x4, Baneling x3  
  42  3:52  Zergling x6  
  48  3:57  Zergling x4  
  48  4:00  Baneling  
  50  4:04  Overlord  
  50  4:05  Drone  
  50  4:11  Overlord  
  50  4:14  Drone  
  50  4:15  Drone  
  50  4:16  Drone  
  52  4:17  Drone  
  52  4:18  Roach Warren  
  52  4:20  Drone  
  52  4:21  Drone  
  53  4:30  Drone  
  53  4:31  Drone x4  
  54  4:36  Extractor, Drone  
  54  4:37  Extractor  
  55  4:41  Overlord  
  55  4:43  Drone  
  55  4:49  Zerg Missile Weapons Level 1  
  55  4:51  Drone x3  
  58  4:56  Drone x2  
  58  4:59  Overlord  
  60  5:01  Baneling, Overlord  
  60  5:02  Roach  
  62  5:10  Lair  
  62  5:12  Drone, Overlord  
  62  5:13  Roach  
  65  5:15  Extractor, Drone  
  65  5:18  Baneling  
  65  5:22  Overlord  
  65  5:29  Drone  
  65  5:32  Drone x8  
  65  5:33  Drone  
  74  5:38  Pneumatized Carapace  
  74  5:39  Drone x2  
  74  5:40  Drone  
  74  5:41  Drone  
  77  5:45  Overlord  
  77  5:48  Drone x3  
  80  5:51  Extractor  
  80  5:52  Extractor  
  80  5:53  Roach x2  
  80  5:55  Drone  
  80  5:56  Overlord  
  83  6:04  Drone x2  
  83  6:05  Drone  
  83  6:07  Roach  
  83  6:08  Roach x2  
  89  6:12  Roach  
  87  6:21  Roach, Queen  
  87  6:22  Roach x4  
  99  6:27  Drone  
  99  6:28  Spire  
  99  6:29  Roach  
  101  6:33  Glial Reconstitution  
  101  6:35  Overlord  
  101  6:43  Roach x5  
  111  6:52  Roach x5  
  121  6:55  Overseer  
  121  7:01  Zerg Missile Weapons Level 2  
  121  7:02  Overlord x2  
  121  7:07  Hatchery  
  120  7:09  Ravager  
  120  7:11  Overlord x2  
  120  7:13  Overlord  
  121  7:30  Drone x4  
  125  7:37  Drone  
  125  7:39  Mutalisk x5  
  125  7:43  Mutalisk  
  138  7:46  Roach x2  
  138  7:49  Roach  
  138  7:50  Extractor, Roach  
  145  7:52  Roach x2  
  145  7:56  Drone  
  150  7:59  Roach  
  150  8:00  Roach  
  150  8:01  Ravager, Overlord  
  150  8:03  Roach x2  
  150  8:04  Roach  
  161  8:07  Overlord x5  
  161  8:11  Roach  
  163  8:17  Roach x3  
  169  8:22  Roach  
  169  8:23  Roach  
  169  8:24  Queen  
  169  8:26  Overlord  
  175  8:29  Roach  
  175  8:30  Ravager x3  
  180  8:34  Roach  
  180  8:35  Roach x3  
  180  8:36  Drone x2  
  180  8:37  Extractor, Drone  
  180  8:38  Drone  
  180  8:41  Ravager  
  192  8:46  Roach x3  
  198  8:55  Overlord  
  198  9:00  Ravager  
  199  9:17  Zerg Ground Armor Level 1  
  199  9:20  Roach x4  
  199  9:21  Roach x3  
  183  9:24  Roach x8  
  183  9:27  Roach  
  183  9:29  Roach  
  183  9:30  Roach x2  
  162  9:32  Roach x6  
  162  9:36  Roach x3  
  156  9:40  Roach  
  156  9:44  Roach x2  
  159  9:46  Ravager x4  
  159  9:47  Roach  
  159  9:52  Hatchery, Ravager  
  165  9:53  Roach  
  165  9:56  Ravager  
  165  9:58  Overseer  
  168  10:02  Roach  
  168  10:03  Roach x4  
  168  10:06  Drone  
  179  10:07  Spine Crawler  
  179  10:09  Roach x2  
  179  10:13  Roach x2  
  186  10:15  Roach  
  186  10:16  Ravager  
  186  10:17  Ravager  
  186  10:18  Roach  
  192  10:24  Roach x3  
  198  10:41  Roach x4  
  171  10:50  Roach x3  
  171  10:56  Roach x10  
  171  10:57  Roach x2  
  171  11:01  Roach x3  
  176  11:04  Roach  
  176  11:10  Ravager x3  
  176  11:11  Ravager x3  
  182  11:13  Roach x5  
  182  11:15  Hatchery  
  182  11:18  Roach x4  
  188  11:20  Roach  
  188  11:21  Roach  
  198  11:27  Drone  
  198  11:29  Infestation Pit  
  198  11:33  Overlord  
  198  11:34  Drone  
  198  11:36  Hydralisk Den  
  198  11:45  Ravager  
  199  11:52  Roach  
  199  11:58  Overlord  
  199  12:08  Roach x16  
  196  12:11  Roach x2  
  167  12:22  Roach x4  
  147  12:27  Roach  
  147  12:28  Roach  
  148  12:35  Roach  
  148  12:36  Roach x2  
  140  12:41  Roach x4  
  140  12:43  Ravager x7  
  149  12:45  Roach  
  149  12:48  Drone  
  145  12:53  Roach x3  
  145  12:56  Roach  
  135  13:01  Roach  
  122  13:05  Roach  
  122  13:06  Roach  
  122  13:07  Roach  
Show
View Real Time Build Order
Export as new Build Order

soO Zerg - Winner!

Build Orders: Hatch First, Roach Hydra 

Get SALT Encoding   

  12  0:00  Drone  
  13  0:12  Overlord  
  13  0:16  Drone  
  14  0:30  Drone x2  
  16  0:48  Hatchery  
  15  0:51  Drone  
  15  0:55  Drone  
  17  0:58  Drone  
  18  1:09  Extractor  
  17  1:13  Spawning Pool  
  17  1:16  Drone  
  17  1:20  Drone  
  18  1:29  Drone  
  19  1:39  Drone  
  20  1:49  Overlord  
  20  2:00  Queen x2  
  20  2:01  Zergling x2  
  25  2:02  Drone  
  26  2:10  Drone  
  26  2:11  Drone  
  26  2:12  Metabolic Boost  
  28  2:21  Drone x2  
  30  2:33  Hatchery  
  30  2:36  Drone  
  30  2:38  Drone  
  31  2:44  Queen  
  31  2:49  Overlord  
  33  2:52  Drone  
  33  2:58  Baneling Nest  
  33  3:02  Zergling x2  
  33  3:03  Drone  
  36  3:05  Drone  
  36  3:09  Zergling x4  
  36  3:12  Zergling x2  
  39  3:13  Drone  
  39  3:15  Drone  
  39  3:18  Zergling x2  
  42  3:20  Drone  
  42  3:23  Drone  
  44  3:40  Evolution Chamber  
  44  3:41  Overlord  
  43  3:43  Drone  
  43  3:44  Overlord  
  43  3:45  Drone  
  43  3:47  Drone x2  
  47  3:50  Drone  
  47  3:51  Drone  
  47  3:55  Drone  
  49  3:58  Drone  
  49  3:59  Drone, Baneling x2  
  49  4:00  Drone x3  
  54  4:06  Zergling x2  
  54  4:10  Zergling x2  
  54  4:11  Zerg Missile Weapons Level 1  
  54  4:15  Roach Warren  
  54  4:16  Zergling x2  
  54  4:17  Zergling x2  
  54  4:20  Zergling x2  
  54  4:21  Queen  
  54  4:22  Zergling x6  
  61  4:30  Zergling x2  
  57  4:31  Zergling x2, Baneling  
  57  4:32  Baneling  
  54  4:45  Drone x6  
  60  4:46  Extractor  
  60  4:47  Extractor  
  60  4:51  Drone  
  59  4:55  Drone x2  
  61  5:02  Drone  
  61  5:03  Lair  
  62  5:09  Overlord  
  62  5:11  Zergling x2  
  62  5:12  Drone  
  64  5:15  Drone  
  64  5:17  Overlord x2  
  64  5:19  Overlord  
  65  5:25  Overlord  
  65  5:28  Overlord  
  64  5:30  Drone  
  64  5:31  Drone x4  
  69  5:39  Roach x2  
  69  5:40  Roach, Drone  
  75  5:47  Roach  
  75  5:49  Drone x2  
  79  5:53  Roach  
  79  5:54  Roach  
  79  5:56  Spine Crawler, Roach x3  
  88  5:57  Spine Crawler, Roach  
  89  6:07  Roach x2  
  89  6:08  Roach  
  90  6:12  Roach x2  
  90  6:16  Roach x2  
  97  6:24  Roach x4  
  97  6:25  Overlord  
  104  6:26  Extractor x2  
  104  6:28  Extractor  
  104  6:32  Drone x5  
  108  6:33  Drone  
  108  6:37  Overseer  
  108  6:38  Drone x2  
  111  6:42  Hatchery  
  111  6:43  Glial Reconstitution, Drone  
  111  6:44  Drone  
  112  6:47  Drone x3  
  112  6:51  Drone  
  116  6:56  Drone x2  
  116  6:59  Evolution Chamber  
  117  7:01  Zerg Missile Weapons Level 2  
  117  7:02  Hatchery  
  117  7:04  Overseer, Drone  
  117  7:06  Drone  
  118  7:09  Overlord  
  118  7:10  Roach x2  
  118  7:11  Overlord  
  118  7:13  Overlord  
  118  7:14  Overlord  
  122  7:18  Overlord  
  122  7:20  Overlord  
  122  7:23  Overlord x2  
  122  7:26  Zerg Ground Armor Level 1, Overlord  
  122  7:28  Drone  
  122  7:29  Pneumatized Carapace  
  123  7:31  Roach x4  
  123  7:36  Roach x3  
  136  7:37  Ravager  
  136  7:41  Roach x2  
  141  7:47  Hydralisk Den  
  141  7:50  Drone  
  141  7:55  Drone x2  
  141  7:56  Spore Crawler  
  141  7:57  Spore Crawler, Queen  
  143  7:59  Spore Crawler  
  143  8:00  Spore Crawler  
  141  8:08  Drone  
  142  8:13  Spore Crawler  
  142  8:16  Grooved Spines, Hydralisk x7  
  142  8:17  Spore Crawler  
  154  8:28  Hydralisk x4  
  154  8:29  Overlord x2  
  154  8:32  Overlord  
  162  8:36  Roach x2  
  166  8:45  Roach x6  
  173  9:03  Drone x3  
  173  9:04  Drone  
  173  9:08  Drone  
  173  9:09  Drone  
  177  9:10  Drone x2  
  177  9:11  Drone  
  177  9:16  Roach x8  
  196  9:19  Roach  
  196  9:21  Roach  
  196  9:22  Roach  
  176  9:25  Roach  
  176  9:27  Roach  
  176  9:28  Muscular Augments  
  176  9:29  Roach  
  176  9:30  Roach  
  156  9:35  Roach x2  
  156  9:36  Roach  
  150  9:45  Roach x5  
  160  9:53  Roach x4  
  160  9:56  Roach  
  160  9:57  Roach  
  172  10:00  Ravager  
  172  10:02  Roach x2  
  177  10:09  Roach x3  
  177  10:10  Roach  
  177  10:13  Roach x2  
  189  10:20  Roach  
  189  10:21  Roach x3  
  197  10:28  Roach  
  199  10:34  Roach  
  199  10:41  Roach  
  197  10:44  Ravager x2  
  197  10:46  Roach x2  
  197  10:48  Roach  
  197  10:49  Roach x4  
  191  10:50  Roach  
  191  10:52  Roach x2  
  191  10:54  Roach x2  
  191  10:55  Roach x5  
  189  11:01  Roach  
  186  11:17  Drone x3  
  188  11:19  Ravager  
  188  11:21  Hydralisk x3  
  188  11:22  Roach x2  
  199  11:26  Drone  
  200  11:35  Hatchery  
  199  11:48  Overseer  
  197  12:03  Roach  
  197  12:06  Roach x2  
  197  12:07  Roach x13  
  197  12:08  Roach x9  
  200  12:10  Roach x2  
  200  12:13  Roach x2  
  200  12:14  Roach x2  
  171  12:16  Hydralisk x2  
  171  12:19  Roach  
  171  12:20  Roach  
  163  12:29  Roach x5  
  171  12:30  Roach  
  171  12:32  Roach  
  171  12:33  Roach  
  170  12:39  Ravager  
  170  12:40  Roach x3  
  170  12:43  Roach x2  
  181  12:50  Roach  
  177  12:51  Roach  
  177  12:52  Roach x2  
  177  12:53  Roach x2  
  177  12:55  Roach  
  177  12:56  Roach  
  177  12:58  Roach  
  177  13:00  Roach  
  177  13:02  Roach  
  167  13:06  Roach x2  
  167  13:08  Roach x2  
Tags
 
Add a new tag
Caveats
  • Supply blocks, unpowered buildings, or Contaminate may cause inaccurate times.
  • Supply counts are checked every 10 seconds.